 Dungeon Crawl Stone Soup version 0.22-a0-367-gb72a975 (webtiles) character file.

30 tilp the Chiller (level 3, -1/24 HPs)
             Began as a Merfolk Ice Elementalist on Apr 22, 2018.
             Slain by a gnoll
             ... wielding a +0 spear
              (6 damage)
             ... on level 2 of the Dungeon.
             The game lasted 00:04:13 (1352 turns).

tilp the Chiller (Merfolk Ice Elementalist)         Turns: 1352, Time: 00:04:14

Health: -1/24      AC:  3    Str:  8    XL:     3   Next: 20%
Magic:  0/6        EV: 13    Int: 15    God:
Gold:   48         SH:  0    Dex: 14    Spells: 0/6 levels left

rFire    . . .     SeeInvis .   f - +3 dagger
rCold    . . .     Gourm    .   (no shield)
rNeg     . . .     Faith    .   a - +0 robe
rPois    .         Spirit   .   k - +0 helmet
rElec    .         Reflect  .   (no cloak)
rCorr    .         Harm     .   (no gloves)
MR       .....                  (no boots)
Stlth    ++........             (no amulet)
HPRegen  0.08/turn              (no ring)
MPRegen  0.10/turn              (no ring)

@: very slightly contaminated
A: change form in water, swift swim, stealthy swim
a: no special abilities


You were on level 2 of the Dungeon.
You were not hungry.

You visited 1 branch of the dungeon, and saw 2 of its levels.

You collected 48 gold pieces.

Inventory:

Hand Weapons
 f - a +3 dagger (weapon)
Missiles
 h - 12 stones
 l - 7 poisoned tomahawks (quivered)
Armour
 a - a +0 robe (worn)
 k - a +0 helmet (worn)
Scrolls
 d - 2 scrolls of identify {unknown}
 i - a scroll of teleportation {unknown}
 j - a scroll of enchant weapon {unknown}
Potions
 b - a potion of might {unknown}
 e - a potion of agility {unknown}
 g - 2 potions of brilliance {unknown}
Comestibles
 c - 3 rations


   Skills:
 - Level 2.6 Dodging
 - Level 2.1 Stealth
 - Level 2.0 Spellcasting
 - Level 0.7 Conjurations
 + Level 4.7 Ice Magic


You couldn't memorise any spells.
You knew the following spells:

 Your Spells              Type           Power        Failure   Level  Hunger
a - Freeze                Ice            ###.         3%          1    #......
b - Throw Frost           Conj/Ice       #.....       11%         2    ###....
c - Ozocubu's Armour      Chrm/Ice       #.......     26%         3    ###....


Dungeon Overview and Level Annotations

Branches:
Dungeon (2/15)

Altars:

Annotations:
D:2 1 exclusion


Message History

Confirm with . or Enter, or press ? or * to list all spells.
Aiming: Freeze (safe; 3% risk of failure)
Press: ? - help, Shift-Dir - straight line, f/p - gnoll
Aim: a gnoll, wielding a spear You freeze the gnoll.
The gnoll is moderately wounded.
The gnoll hits you with a spear.
Casting: Freeze (safe; 3% risk of failure)
Confirm with . or Enter, or press ? or * to list all spells.
Aiming: Freeze (safe; 3% risk of failure)
Press: ? - help, Shift-Dir - straight line, f/p - gnoll
Aim: a gnoll, wielding a spear (moderately wounded)
You freeze the gnoll.
The gnoll is severely wounded.
The gnoll hits you with a spear!
* * * LOW HITPOINT WARNING * * *
You closely miss the gnoll.
The gnoll is severely wounded.
The gnoll hits you with a spear.
You die...

...#.##.#....#.#####..
...#.##.#....+.#...#
..>#.##.#....###...#
...#.##.#.#........#
...#....#.######...#
##.###### #...# #...#
#...# #@..# ####g##
#.....# #g##### #
###.#####.#
#.....g...#
#..)......#
#..†......#
#.(.......#


You could see a gnoll.

Vanquished Creatures
  A dart slug (D:2)
  A leopard gecko (D:1)
  3 bats (D:1)
  A giant cockroach (D:1)
  5 hobgoblins (D:1)
  2 frilled lizards (D:1)
  6 goblins
  5 kobolds
  3 rats (D:2)
27 creatures vanquished.

Notes
Turn   | Place    | Note
-------+----------+-------------------------------------------
     0 | D:1      | tilp the Merfolk Ice Elementalist began the quest for the Orb.
     0 | D:1      | Reached XP level 1. HP: 13/13 MP: 3/3
   352 | D:1      | Reached XP level 2. HP: 19/19 MP: 5/5
   356 | D:1      | Learned a level 2 spell: Throw Frost
   446 | D:1      | Reached skill level 4 in Ice Magic
  1091 | D:2      | Reached XP level 3. HP: 24/24 MP: 2/6
  1099 | D:2      | Learned a level 3 spell: Ozocubu's Armour
  1352 | D:2      | Slain by a gnoll

Vault maps used:
D:1:      tarquinn_simple_flora_water_a, hangedman_abyss_or_decor_lesser_grid
D:2:      nicolae_overflow_crystal_walls, minmay_gold_behind_fungi, uniq_robin

Skill      XL: |  1  2 |
---------------+-------+-----
Ice Magic      | 4 |  4.7
Dodging        | |  2.6
Stealth        | |  2.1
Spellcasting   | |  2.0
Conjurations   | |  0.7

Action                   || total
-------------------------++-------
Melee: Dagger            ||    26
 Cast: Freeze            ||    24
       Throw Frost       ||     1
 Stab: Sleeping          ||     5
  Eat: Chunk             ||     2
Armor: Robe              ||     5
Dodge: Dodged            ||    23

Table legend:
 A = Spawn XP
 B = Non-spawn XP
 C = Spawn XP percentage of total XP
 D = Spawn monster count
 E = Non-spawn monster count
 F = Spawn count percentage of total count
 G = Total turns spent on level
                    A         B        C        D         E        F      G
               +---------+---------+-------+---------+---------+-------+---------
         Total |       0 |      44 |   0.0 |       0 |      27 |   0.0 |  1352
               +---------+---------+-------+---------+---------+-------+---------
           D:1 |       0 |      29 |   0.0 |       0 |      17 |   0.0 |  1002
           D:2 |       0 |      15 |   0.0 |       0 |      10 |   0.0 |   350
               +---------+---------+-------+---------+---------+-------+---------
